 Dungeon Crawl Stone Soup version 0.29.0-4-gdea44cf6ec (webtiles) character file.

Game seed: 8810532951518006509

9 qw the Firebug (level 2, -2/23 HPs)
             Began as a Ghoul Fire Elementalist on Aug 29, 2022.
             Slain by a quokka (5 damage)
             ... on level 1 of the Dungeon.
             The game lasted 00:00:32 (806 turns).

qw the Firebug (Ghoul Fire Elementalist)             Turns: 806, Time: 00:00:33

Health: -2/23      AC:  2    Str: 11    XL:     2   Next: 16%
Magic:  3/3        EV: 12    Int: 10    God:
Gold:   93         SH:  0    Dex:  9    Spells: 3/4 levels left

rFire   . . .      SeeInvis .     - Unarmed
rCold   + . .      Faith    .   (no shield)
rNeg    + + +      Spirit   .   a - +0 robe
rPois   inf        Reflect  .   (no helmet)
rElec   .          Harm     .   (no cloak)
rCorr   .          Rampage  .   (no gloves)
Will    .....                   (no boots)
Stlth   ++........              (no amulet)
HPRegen 0.00/turn               (no ring)
MPRegen 0.08/turn               (no ring)

@: inhibited regen
A: claws 1, cold resistance 1, negative energy resistance 3, inhibited
regeneration, torment resistance 2, devour on kill
a: no special abilities


You were on level 1 of the Dungeon.
You visited 1 branch of the dungeon, and saw 1 of its levels.

You collected 93 gold pieces.


Innate Abilities, Weirdness & Mutations

You are immune to poison.
You have sharp fingernails.
Your flesh is cold resistant. (rC+)
You are immune to negative energy. (rN+++)
You do not regenerate when monsters are visible.
You are immune to unholy pain and torment.
You thrive by killing the living.


   Skills:
 - Level 1.0 Fighting
 - Level 1.7 Dodging
 - Level 2.1 Stealth
 + Level 1.4 Unarmed Combat
 - Level 1.7 Spellcasting
 - Level 0.7 Conjurations
 - Level 2.4 Fire Magic


You had 3 spell levels left.
You knew the following spells:

 Your Spells              Type           Power      Damage    Failure   Level
a - Foxfire               Conj/Fire      16%        2x1d4     17%         1

Your spell library contained the following spells:

 Spells                   Type           Power      Damage    Failure   Level
 Scorch                   Fire           10%        2d6       19%         2
 Conjure Flame            Conj/Fire      4%         6-21      45%         3
 Inner Flame              Hex/Fire       3%         N/A       52%         3
 Flame Wave               Conj/Fire      4%         2d5       86%         4

Inventory:

Armour
 a - a +0 robe (worn)
Jewellery
 f - a ring of ice
Scrolls
 c - a scroll of noise {unknown}
 d - a scroll of butterflies {unknown}
Potions
 b - a potion of magic
 e - 2 potions of might {unknown}
 g - 2 potions of lignification {unknown}

Dungeon Overview and Level Annotations

Branches:
Dungeon (1/15)

Altars:


Message History

2 quokkas come into view.
Found 5 boomerangs.
You miss the quokka. The quokka barely misses you.
You barely miss the quokka. The quokka bites you.
You closely miss the quokka. The quokka closely misses you.
You closely miss the quokka. The quokka bites you.
The quokka barely misses you.
You scratch the quokka but do no damage.
The quokka bites you but does no damage.
The quokka bites you.
You barely miss the quokka. The quokka barely misses you. x2
You scratch the quokka but do no damage.
The quokka misses you. The quokka bites you.
You scratch the quokka.
The quokka is heavily wounded.
The quokka misses you. The quokka bites you.
You closely miss the quokka.
The quokka is heavily wounded.
The quokka bites you. The quokka closely misses you.
You barely miss the quokka.
The quokka is heavily wounded.
The quokka barely misses you. The quokka misses you.
You closely miss the quokka.
The quokka is heavily wounded.
The quokka bites you. The quokka misses you. The quokka closely misses you.
The quokka barely misses you.
You barely miss the quokka.
The quokka is heavily wounded.
The quokka bites you. The quokka closely misses you.
You miss the quokka.
The quokka is heavily wounded.
The quokka closely misses you. The quokka bites you.
You scratch the quokka.
The quokka is almost dead.
The quokka bites you.
You die...

#####
###...#
#..r..#
#.?r@.#
#.....#..##
(#... #...#
.... ###.#
.#. #.# #
#####.# ..
#.....# .
#.##### .
#.#


You could see 2 quokkas.

Vanquished Creatures
  A ball python (D:1)
  An endoplasm (D:1)
  A giant cockroach (D:1)
  A goblin (D:1)
  2 kobolds (D:1)
  2 frilled lizards (D:1)
  A rat (D:1)
9 creatures vanquished.

Notes
Turn   | Place    | Note
-------+----------+-------------------------------------------
     0 | D:1      | qw the Ghoul Fire Elementalist began the quest for the Orb.
     0 | D:1      | Reached XP level 1. HP: 14/14 MP: 2/2
     0 | D:1      | 0 ||| qw: Version: 0.1-a-90-g952f4b7
     0 | D:1      | 0 ||| qw: Game counter: 3727
     0 | D:1      | 0 ||| qw: Always use a shield: true
     0 | D:1      | 0 ||| qw: God list: Okawaru
     0 | D:1      | 0 ||| qw: Allow faded altars: false
     0 | D:1      | 0 ||| qw: Do Orc after D:15 true
     0 | D:1      | 0 ||| qw: Do second Lair branch before Depths: true
     0 | D:1      | 0 ||| qw: Lair rune preference: random
     0 | D:1      | 0 ||| qw: Plans: Normal
     0 | D:1      | 0 ||| PLANNING D:1-11
    99 | D:1      | Reached skill level 1 in Unarmed Combat
   375 | D:1      | Reached skill level 1 in Fighting
   375 | D:1      | Reached XP level 2. HP: 17/23 MP: 3/3
   576 | D:1      | Found a faded altar of an unknown god.
   805 | D:1      | HP: 3/23 [quokka (3)]
   806 | D:1      | Slain by a quokka

Levels and vault maps discovered:
D:1:      heliophobic_arrival_glass_houses, layout_loops_ring,
          hellmonk_ecumenical_altar_heavens_door, minmay_misc_feat_nine_boxes,
          minivault_4, hangedman_decor_push, dreamdust_wishing_well

Skill      XL: |  1 |
---------------+----+-----
Unarmed Combat | 1 |  1.4
Fighting       | 1 |  1.0
Dodging        | |  1.7
Stealth        | |  2.1
Spellcasting   | |  1.7
Conjurations   | |  0.7
Fire Magic     | |  2.4

Action                   || total
-------------------------++-------
Melee: Unarmed           ||    44
       Punch             ||     1
Armor: Robe              ||     3
Dodge: Dodged            ||    32

Table legend:
 A = Non-vault XP
 B = Vault XP
 C = Vault XP percentage of total XP
 D = Non-vault monster count
 E = Vault monster count
 F = Vault count percentage of total count
                 A         B        C        D         E       F
            +---------+---------+-------+---------+---------+-------
      Total |      14 |       0 |   0.0 |       9 |       0 |   0.0
            +---------+---------+-------+---------+---------+-------
        D:1 |      14 |       0 |   0.0 |       9 |       0 |   0.0
            +---------+---------+-------+---------+---------+-------
